 Dungeon Crawl Stone Soup version 0.32-a0-699-g1ee5eff (webtiles) character file.

Game seed: 17333443199920727231

774 Toastz the Skirmisher (level 8, -10/49 HPs)
             Began as a Kobold Hunter on Mar 13, 2024.
             Mangled by Duvessa
             ... wielding a +0 short sword
              (13 damage)
             ... on level 4 of the Dungeon.
             The game lasted 00:07:35 (3840 turns).

Toastz the Skirmisher (Kobold Hunter)               Turns: 3840, Time: 00:07:36

Health: -10/49     AC:  7    Str:  9    XL:     8   Next: 10%
Magic:  8/8        EV: 16    Int: 10    God:
Gold:   155        SH:  0    Dex: 20    Spells: 7/7 levels left

rFire   . . .        a - +0 shortbow
rCold   . . .        (shield currently unavailable)
rNeg    . . .        c - +0 leather armour
rPois   .            (no helmet)
rElec   .            f - +2 cloak
rCorr   .            (no gloves)
SInv    .            w - +0 pair of boots
Will    .....        h - amulet of regeneration
Stlth   +++          (no ring)
HPRegen 1.08/turn    (no ring)
MPRegen 0.11/turn

%: no passive effects
@: about to teleport
A: small, no large weapons, nightstalker 3
a: no special abilities


You were on level 4 of the Dungeon.
You visited 1 branch of the dungeon, and saw 4 of its levels.
You also visited: Ossuary.

You collected 155 gold pieces.

Inventory:

Hand Weapons
 a - a +0 shortbow (weapon)
Armour
 b - a scarf of repulsion
 c - a +0 leather armour (worn)
 f - a +2 cloak (worn)
 o - a +0 buckler
 w - a +0 pair of boots (worn)
Jewellery
 h - an amulet of regeneration (around neck)
Scrolls
 d - 3 scrolls of teleportation
 e - 2 scrolls of revelation
 j - 2 scrolls of noise
 m - a scroll of blinking
 n - a scroll of fog
Potions
 g - a potion of might {unknown}
 i - a potion of haste {unknown}
 k - 3 potions of curing
 l - a potion of heal wounds {unknown}
 p - 2 potions of mutation {unknown}
 q - a potion of enlightenment
 r - 2 potions of degeneration {unknown}
 s - a potion of brilliance {unknown}
 t - a potion of cancellation {unknown}
 u - a potion of berserk rage {unknown}
 v - 2 potions of ambrosia {unknown}


   Skills:
 + Level 5.0 Fighting
 * Level 9.5 Ranged Weapons
 + Level 5.5 Dodging
 - Level 1.3 Stealth


You had 7 spell levels left.
You didn't know any spells.
Your spell library was empty.

Dungeon Overview and Level Annotations

Branches:
Dungeon (4/15)            Ossuary (visited)
 Temple: D:4-7

Altars:

Annotations:
D:4 Duvessa


Innate Abilities, Weirdness & Mutations

You are small and have problems with some larger weapons.
You are completely attuned to the shadows.


Message History

Duvessa hits you with a +0 short sword! Duvessa misses you.
Fire: a) +0 shortbow
Press: ? - help, Q - select action Shift-Dir - straight line, f/p - Duvessa
Aim: Duvessa, wielding a +0 short sword and wearing a +0 leather armour (berserk, 71% to hit)
You shoot an arrow. The arrow barely misses Duvessa.
Duvessa hits you with a +0 short sword!
Fire: a) +0 shortbow
Press: ? - help, Q - select action Shift-Dir - straight line, f/p - Duvessa
Aim: Duvessa, wielding a +0 short sword and wearing a +0 leather armour (berserk, 71% to hit)
You shoot an arrow. The arrow hits Duvessa!
Duvessa is lightly wounded.
Duvessa hits you but does no damage. Duvessa closely misses you.
Fire: a) +0 shortbow
Press: ? - help, Q - select action Shift-Dir - straight line, f/p - Duvessa
Aim: Duvessa, wielding a +0 short sword and wearing a +0 leather armour (lightly wounded, berserk, 71% to hit)
You shoot an arrow. The arrow hits Duvessa.
Duvessa is moderately wounded.
Duvessa hits you with a +0 short sword!
Fire: a) +0 shortbow
Press: ? - help, Q - select action Shift-Dir - straight line, f/p - Duvessa
Aim: Duvessa, wielding a +0 short sword and wearing a +0 leather armour (moderately wounded, berserk, 71% to hit)
You shoot an arrow. The arrow barely misses Duvessa.
Duvessa hits you with a +0 short sword. Duvessa misses you.
Fire: a) +0 shortbow
Press: ? - help, Q - select action Shift-Dir - straight line, f/p - Duvessa
Aim: Duvessa, wielding a +0 short sword and wearing a +0 leather armour (moderately wounded, berserk, 71% to hit)
You shoot an arrow. The arrow barely misses Duvessa.
Duvessa hits you with a +0 short sword.
Fire: a) +0 shortbow
Press: ? - help, Q - select action Shift-Dir - straight line, f/p - Duvessa
Aim: Duvessa, wielding a +0 short sword and wearing a +0 leather armour (moderately wounded, berserk, 71% to hit)
You shoot an arrow. The arrow hits Duvessa!
Duvessa is heavily wounded.
Duvessa hits you with a +0 short sword!
* * * LOW HITPOINT WARNING * * *
Duvessa hits you with a +0 short sword.
* * * LOW HITPOINT WARNING * * *
As you read the scroll of teleportation, it crumbles to dust.
You feel strangely unstable. Duvessa hits you with a +0 short sword!
You die...

#.# #.######
###########.......
#.............####
#.#########.#.# #.#
#.......#.# #.# #.####.##.#
#.# #.........####
###@#############...
########.e.............#.##
#.).........##########.#.##
#.........>....# #####.#.#.
b..# #..<........##.#
#...#.#.#.


bbb# #..............# ###.#.#.#. .bb# #...........########.#..... bb.#
#...........'........#.#.## .b.####...........##########.#... You could see
Duvessa (berserk).

Vanquished Creatures
  A phantom (D:4)
  3 scorpions
  Dowan (D:4)
  A hound (D:4)
  A human zombie (Ossuary)
  A jelly (D:4)
  An iguana (D:4)
  Terence (D:1)
  Crazy Yiuf (D:2)
  5 scorpion zombies (Ossuary)
  Natasha (D:4)
  3 mummies (Ossuary)
  3 adders
  3 adder zombies (Ossuary)
  An orc (D:4)
  6 endoplasms
  3 giant cockroaches
  2 gnoll zombies (Ossuary)
  4 goblins
  9 hobgoblins
  5 quokkas
  7 ball pythons
  7 bats
  5 frilled lizards
  4 jackal zombies (Ossuary)
  4 kobolds (D:1)
  2 kobold zombies (Ossuary)
  5 rats
90 creatures vanquished.

Notes
Turn   | Place    | Note
-------+----------+-------------------------------------------
     0 | D:1      | Toastz the Kobold Hunter began the quest for the Orb.
     0 | D:1      | Reached XP level 1. HP: 12/12 MP: 1/1
   155 | D:1      | Reached XP level 2. HP: 18/18 MP: 2/2
   766 | D:1      | Reached XP level 3. HP: 22/22 MP: 3/3
  1122 | D:1      | Reached skill level 6 in Ranged Weapons
  1126 | D:2      | Noticed Terence
  1180 | D:1      | Killed Terence
  1181 | D:1      | Reached XP level 4. HP: 27/27 MP: 4/4
  1652 | D:2      | Found a runed translucent door.
  1655 | D:2      | Noticed Crazy Yiuf
  1661 | D:2      | Killed Crazy Yiuf
  1662 | D:2      | Reached XP level 5. HP: 15/32 MP: 5/5
  2034 | D:3      | Reached skill level 7 in Ranged Weapons
  2528 | D:4      | Reached XP level 6. HP: 37/37 MP: 6/6
  2583 | D:4      | Found a sand-covered staircase.
  2591 | Ossuary  | Entered an ossuary
  2609 | Ossuary  | Reached skill level 8 in Ranged Weapons
  2654 | Ossuary  | Reached XP level 7. HP: 43/43 MP: 7/7
  2788 | Ossuary  | Reached skill level 5 in Dodging
  2813 | Ossuary  | Reached skill level 9 in Ranged Weapons
  3186 | D:4      | Noticed Natasha
  3197 | D:4      | Killed Natasha
  3251 | D:4      | Noticed Dowan
  3270 | D:4      | Reached XP level 8. HP: 22/48 MP: 8/8
  3313 | D:4      | Killed Dowan
  3314 | D:4      | Reached skill level 5 in Fighting
  3314 | D:4      | Noticed Duvessa
  3839 | D:4      | HP: 2/49 [Duvessa/+0 short sword (5)]
  3840 | D:4      | Mangled by Duvessa

Illustrated notes

Levels and vault maps discovered:
D:1:      eino_arrival_cavern_b, layout_basic
D:2:      layout_rooms, serial_rivers, chequers_serial_rivers_small_b,
          chequers_serial_rivers_small_b, chequers_serial_rivers_micro_a,
          chequers_serial_rivers_small_b, chequers_serial_rivers_micro_b,
          uniq_terence, uniq_crazy_yiuf_cottage
D:3:      layout_loops_ring
D:4:      layout_basic, nicolae_ossuary_entry_monument, uniq_duvessa,
          uniq_natasha

Skill      XL: |  1  2  3  4  5  6  7  8 |
---------------+-------------------------+-----
Ranged Weapons | 6 7 8 9 |  9.5
Dodging        | 3 4 5 |  5.5
Fighting       | 3 4 5 |  5.0
Stealth        | |  1.3

Action                     |  1- 3 |  4- 6 |  7- 9 || total
---------------------------+-------+-------+-------++-------
   Fire: Shortbow          |    73 |   138 |   195 ||   406
    Use: Scroll            |       |       |    10 ||    10
 Armour: Leather armour    |    33 |    46 |    80 ||   159
  Dodge: Dodged            |    45 |    63 |   115 ||   223

Table legend: (Time is in decaauts)
 A = Elapsed time spent in this place.
 B = Non-inter-level travel time spent in this place.
 C = Inter-level travel time spent in this place.
 D = Time resting spent in this place.
 E = Time spent auto-exploring this place.
 F = Levels seen in this place.
 G = Mean time per level.
                   A        B        C        D        E       F      G
               +--------+--------+--------+--------+--------+-----+--------+
         Total |   3878 |   3651 |    227 |    152 |   2754 |   5 |  775.6 |
       Dungeon |   3556 |   3329 |    227 |     99 |   2704 |   4 |  889.0 |
       Ossuary |    321 |    321 |      0 |     53 |     50 |   1 |  321.0 |
               +--------+--------+--------+--------+--------+-----+--------+

Top non-repeatable levels by time:
     D:1: 1179 daAuts
     D:4: 941 daAuts
     D:3: 781 daAuts
     D:2: 654 daAuts
 Ossuary: 321 daAuts
